 Dungeon Crawl Stone Soup version 0.25-a0-578-gc91f01c39c (webtiles) character file.

Game seed: 14163477304293317370, levelgen mode: deterministic

9332 An17 the Unseen (level 11, -12/57 HPs)
             Began as a Vampire Enchanter on Mar 4, 2020.
             Was a Priest of Dithmenos.
             Killed from afar by a wizard (34 damage)
             ... with a crystal spear
             ... on level 10 of the Dungeon.
             The game lasted 00:27:05 (7543 turns).

An17 the Unseen (Vampire Enchanter)                 Turns: 7543, Time: 00:27:05

Health: -12/57     AC:  9    Str: 10    XL:     11   Next: 21%
Magic:  8/21       EV: 18    Int: 23    God:    Dithmenos [***...]
Gold:   582        SH:  0    Dex: 17    Spells: 15/23 levels left

rFire    + . .     SeeInvis +   u - +6 dagger "Taimei" {freeze, +Rage Str+3 Int+4}
rCold    + + +     Gourm    .   (no shield)
rNeg     + + +     Faith    .   k - +1 leather armour {rC+}
rPois    ∞         Spirit   .   g - +0 helmet
rElec    +         Reflect  .   L - +2 cloak
rCorr    +         Harm     .   (no gloves)
MR       .....                  M - +0 pair of boots of the Equinox {rElec rPois MR- Regen+}
Stlth    ++++++++++             f - amulet of the acrobat
HPRegen  0.00/turn              j - ring of resist corrosion
MPRegen  0.17/turn              G - ring of protection from fire

@: confusing touch, bloodless, wreathed by umbra
A: no food, fangs 3, see invisible, unbreathing
a: Bat Form, Revivify, Shadow Step, Renounce Religion, Evoke Berserk Rage


You were on level 10 of the Dungeon.
You worshipped Dithmenos.
Dithmenos was most pleased with you.
You were bloodless.

You visited 2 branches of the dungeon, and saw 11 of its levels.

You collected 582 gold pieces.

Inventory:

Hand Weapons
 c - a +2 dagger of electrocution
 r - the +7 spear of Tuezealo {venom, rElec rPois rF+ rC-}
   (You took it off an orc wizard on level 9 of the Dungeon)

   It poisons the flesh of those it strikes.
   It protects you from fire.
   It makes you vulnerable to cold.
   It insulates you from electricity.
   It protects you from poison.
 u - the +6 dagger "Taimei" (weapon) {freeze, +Rage Str+3 Int+4}
   (You took it off an orc on level 4 of the Dungeon)

   It has been specially enchanted to freeze those struck by it, causing extra
   injury to most foes and up to half again as much damage against particularly
   susceptible opponents.
   It can also slow down cold-blooded creatures.
   It affects your strength (+3).
   It affects your intelligence (+4).
   It lets you go berserk.
 B - a +2 whip of flaming
 E - a +5 short sword
 F - a +4 falchion
Missiles
 a - a throwing net (quivered)
 C - 11 boomerangs
Armour
 g - a +0 helmet (worn)
 k - a +1 leather armour of cold resistance (worn)
 o - a +0 scale mail
 s - a +0 chain mail
 x - a scarf of spirit shield
 y - a +1 robe of positive energy
 A - a +3 plate armour
 L - a +2 cloak (worn)
 M - the +0 pair of boots of the Equinox (worn) {rElec rPois MR- Regen+}
   (You found it on level 9 of the Dungeon)

   It insulates you from electricity.
   It protects you from poison.
   It affects your resistance to hostile enchantments.
   It increases your rate of regeneration.
   If you remove this armour, your AC will decrease by 1 (9 -> 8).
Jewellery
 f - an amulet of the acrobat (around neck)
 j - a ring of resist corrosion (left hand)
 G - a ring of protection from fire (right hand)
Wands
 d - a wand of scattershot (4)
 n - a wand of random effects (19)
 p - a wand of paralysis (14)
 v - a wand of polymorph (14)
 w - a wand of flame (36)
 z - a wand of digging (6)
 K - a wand of disintegration (11)
Scrolls
 b - 12 scrolls of remove curse
 i - 2 scrolls of immolation
 q - 4 scrolls of amnesia
 t - 4 scrolls of teleportation
 I - 2 scrolls of enchant weapon
Potions
 e - 2 potions of ambrosia
 h - 4 potions of heal wounds
 l - a potion of curing {unknown}
 m - a potion of invisibility
 D - 2 potions of haste
 H - a potion of resistance
 J - a potion of flight


   Skills:
 + Level 1.8 Fighting
 + Level 6.2 Short Blades
 * Level 9.3 Dodging
 + Level 15.0 Stealth
 + Level 6.6 Spellcasting
 + Level 9.5 Hexes
 + Level 4.9 Ice Magic


You had 15 spell levels left.
You knew the following spells:

 Your Spells              Type           Power        Failure   Level  Hunger
a - Confusing Touch       Hex            ######..     1%          3    N/A
b - Ensorcelled Hibernat  Hex/Ice        #####.       1%          2    N/A
c - Tukima's Dance        Hex            ######..     1%          3    N/A

Your spell library contained the following spells:

 Spells                   Type           Power        Failure   Level  Hunger
 Corona                   Hex            ######.      1%          1    N/A
 Dazzling Flash           Conj/Hex       ####..       4%          3    N/A
 Animate Skeleton         Necr           N/A          11%         1    N/A
 Apportation              Tloc           #.....       11%         1    N/A
 Summon Small Mammal      Summ           #...         11%         1    N/A

Dungeon Overview and Level Annotations

Branches:
Dungeon (10/15)            Temple (1/1) D:5            Lair (0/6) D:9
    Orc (0/2) D:10

Altars:
Cheibriados
Dithmenos
Elyvilon
Hepliaklqana
Nemelex Xobeh
Okawaru
Qazlal
Vehumet
Xom
Yredelemnul
Zin
The Shining One

Shops:
D:4 }   D:8 *

Annotations:
D:7 exclusion: ice statue


Innate Abilities, Weirdness & Mutations

You do not eat.
You do not regenerate when monsters are visible.
You are frail without blood (-20% HP).
You can heal yourself when you bite living creatures.
You are immune to poison.
You have razor-sharp teeth.
You have supernaturally acute eyesight. (SInv)
You can survive without breathing.


Message History

The wizard hits you with a cursed -2 dagger.
Casting: Ensorcelled Hibernation (safe; 1% risk of failure)
Confirm with . or Enter, or press ? or * to list all spells.
Aiming: Ensorcelled Hibernation (safe; 1% risk of failure)
Press: ? - help, Shift-Dir - straight line, f - wizard
Aim: a wizard, wielding a -2 dagger and wearing a cursed -1 robe (fast, umbra, chance to defeat MR: 32%)
The wizard easily resists.
The wizard misses you.
Casting: Ensorcelled Hibernation (safe; 1% risk of failure)
Confirm with . or Enter, or press ? or * to list all spells.
Your hands begin to glow red.
The wizard casts a spell at you. The crystal spear hits you!!
Ouch! That really hurt!
You emit a cloud of dark smoke.
The wizard hits you but does no damage.
You hit the wizard but do no damage.
The wizard's eyes start to glow.
The wizard points at you and mumbles some strange words.
The crystal spear hits you!!
Ouch! That really hurt!
You die...

###.###
##.....##
##......%##
#+#....^....##.
......^<^......
#....^....#
#:.§§§..#
#.§@p.# ###§###
###..# ##§#
#....## #..# ##
......# ##.##
##. #..... #..#
#.. .....######
##.## #..
.....##...###..#
#### #..
#....##.......##
#...# #..


You could see a wizard.

Vanquished Creatures
  Erolcha (D:9)
  A two-headed ogre (D:9)
  Pikel (D:5)
  A deep elf mage (D:10)
  Maurice (D:8)
  A centaur zombie (D:10)
  Prince Ribbit (D:8)
  3 hippogriffs
  A hungry ghost (D:7)
  3 yaks (D:9)
  Grum (D:8)
  A water moccasin (D:8)
  Duvessa (D:5)
  5 sky beasts
  7 orc warriors
  3 slaves (D:5)
  4 wolves (D:8)
  8 ogres
  4 centaurs
  A crocodile (D:8)
  3 big kobolds
  2 bullfrogs
  Dowan (D:5)
  2 scorpions
  3 killer bees
  5 howler monkeys
  5 wights
  2 crimson imps
  A quasit (D:9)
  A bullfrog zombie (D:7)
  A jelly (D:8)
  5 orc priests
  2 hounds
  Crazy Yiuf (D:3)
  A centaur skeleton (D:10)
  A bullfrog skeleton (D:10)
  9 orc wizards
  6 worker ants
  Natasha (thrice) (D:3)
  An iguana (D:10)
  Ijyb (D:3)
  2 killer bee zombies
  Robin (D:2)
  A worker ant zombie (D:6)
  17 adders
  3 oozes
  2 adder skeletons (D:6)
  4 worms
  2 dart slugs (D:1)
  6 leopard geckos
  33 orcs
  6 bats
  10 giant cockroaches
  10 hobgoblins
  3 jackals (D:10)
  16 kobolds
  2 quokkas
  2 ball pythons
  7 frilled lizards
  24 goblins
  11 rats
267 creatures vanquished.

Vanquished Creatures (collateral kills)
  3 wights
3 creatures vanquished.

Vanquished Creatures (others)
  A dancing weapon (D:7)
1 creature vanquished.

Grand Total: 271 creatures vanquished

Notes
Turn   | Place    | Note
-------+----------+-------------------------------------------
     0 | D:1      | An17 the Vampire Enchanter began the quest for the Orb.
     0 | D:1      | Reached XP level 1. HP: 13/13 MP: 3/3
    75 | D:1      | Reached XP level 2. HP: 18/19 MP: 5/5
   104 | D:1      | Learned a level 2 spell: Ensorcelled Hibernation
   319 | D:1      | Reached skill level 5 in Hexes
   333 | D:1      | Reached XP level 3. HP: 24/24 MP: 6/6
   744 | D:2      | Reached skill level 5 in Stealth
   836 | D:2      | Reached XP level 4. HP: 24/24 MP: 7/7
   841 | D:2      | Learned a level 3 spell: Tukima's Dance
  1060 | D:2      | Noticed Robin
  1097 | D:2      | Killed Robin
  1546 | D:3      | Reached XP level 5. HP: 28/28 MP: 3/8
  1551 | D:3      | Learned a level 3 spell: Confusing Touch
  1585 | D:3      | Reached skill level 6 in Stealth
  1621 | D:3      | Noticed Natasha
  1639 | D:3      | Killed Natasha
  1702 | D:3      | Found a runed translucent door.
  1703 | D:3      | Noticed Crazy Yiuf
  1710 | D:3      | Killed Crazy Yiuf
  1710 | D:3      | Reached skill level 1 in Ice Magic
  1940 | D:3      | Reached XP level 6. HP: 26/33 MP: 0/9
  2004 | D:3      | Noticed Ijyb
  2007 | D:3      | Killed Ijyb
  2236 | D:3      | Noticed Natasha
  2242 | D:3      | Killed Natasha
  2242 | D:3      | Reached skill level 7 in Stealth
  2267 | D:3      | Noticed Natasha
  2271 | D:3      | Killed Natasha
  2596 | D:4      | Reached skill level 8 in Stealth
  2596 | D:4      | Reached XP level 7. HP: 29/37 MP: 1/11
  2639 | D:4      | Found Xijupid's Gadget Boutique.
  2679 | D:4      | Identified the +6 dagger "Taimei" {freeze, +Rage Str+3
                  | Int+4}
  2824 | D:4      | Found a shimmering altar of Xom.
  3266 | D:4      | Found a hazy altar of Hepliaklqana.
  3299 | D:5      | Entered Level 5 of the Dungeon
  3342 | D:5      | Reached skill level 9 in Stealth
  3389 | D:5      | Reached skill level 5 in Dodging
  3395 | D:5      | Noticed Duvessa
  3398 | D:5      | Noticed Dowan
  3444 | D:5      | Reached XP level 8. HP: 18/42 MP: 3/13
  3749 | D:5      | Killed Duvessa
  3751 | D:5      | Killed Dowan
  3842 | D:5      | Found a staircase to the Ecumenical Temple.
  3848 | Temple   | Entered the Ecumenical Temple
  3867 | Temple   | Became a worshipper of Dithmenos the Shadowed
  4308 | D:6      | Reached skill level 10 in Stealth
  4442 | D:6      | Noticed Pikel
  4555 | D:5      | Killed Pikel
  4555 | D:5      | Reached XP level 9. HP: 43/46 MP: 1/15
  4627 | D:7      | Found a radiant altar of Vehumet.
  4631 | D:7      | Reached skill level 11 in Stealth
  4687 | D:7      | Reached * piety under Dithmenos
  4866 | D:7      | Reached skill level 1 in Fighting
  4980 | D:7      | Reached skill level 5 in Spellcasting
  5114 | D:7      | Noticed an ice statue
  5656 | D:8      | Noticed Prince Ribbit
  5661 | D:8      | Killed Prince Ribbit
  5661 | D:8      | Reached skill level 5 in Short Blades
  5661 | D:8      | Reached skill level 12 in Stealth
  5718 | D:8      | Noticed Grum
  5728 | D:8      | Killed Grum
  5728 | D:8      | Reached XP level 10. HP: 52/52 MP: 13/18
  5732 | D:8      | Reached ** piety under Dithmenos
  5789 | D:8      | Found Rimpa's General Store.
  6071 | D:8      | Noticed Maurice
  6076 | D:8      | Killed Maurice
  6079 | D:8      | Reached skill level 13 in Stealth
  6153 | D:8      | Found an iron altar of Okawaru.
  6153 | D:8      | Found a glowing silver altar of Zin.
  6154 | D:8      | Found a snail-covered altar of Cheibriados.
  6154 | D:8      | Found a white marble altar of Elyvilon.
  6168 | D:8      | Found a sparkling altar of Nemelex Xobeh.
  6507 | D:9      | Noticed Erolcha
  6515 | D:9      | Killed Erolcha
  6521 | D:9      | Got a pair of distressingly furry boots
  6542 | D:9      | Identified the +0 pair of boots of the Equinox {rElec rPois
                  | MR- Regen+} (You found it on level 9 of the Dungeon)
  6583 | D:9      | Identified the +7 spear of Tuezealo {venom, rElec rPois rF+
                  | rC-}
  6746 | D:9      | Found a staircase to the Lair.
  6753 | D:9      | Reached *** piety under Dithmenos
  6761 | D:9      | Reached skill level 14 in Stealth
  6811 | D:9      | Noticed a two-headed ogre
  6814 | D:9      | Killed a two-headed ogre
  6814 | D:9      | Reached XP level 11. HP: 57/57 MP: 20/20
  7094 | D:10     | Entered Level 10 of the Dungeon
  7288 | D:10     | Found a staircase to the Orcish Mines.
  7438 | D:10     | Found a basalt altar of Yredelemnul.
  7532 | D:10     | Noticed a deep elf mage
  7533 | D:10     | Noticed a wizard
  7540 | D:10     | Killed a deep elf mage
  7540 | D:10     | Reached skill level 15 in Stealth
  7543 | D:10     | Killed from afar by a wizard

Levels and vault maps discovered:
D:1:      mrwooster_arrival_statue_2, layout_basic
D:2:      layout_basic, uniq_robin
D:3:      layout_loops_corners, first_ration, bh_walls_and_bars, uniq_ijyb,
          uniq_natasha, uniq_crazy_yiuf_cottage
D:4:      layout_loops_cross, marbit_many_paths, kennysheep_little_box,
          serial_shops, nicolae_shop_statue_plus
D:5:      layout_rooms, minmay_temple_entry_statues, uniq_duvessa
D:6:      layout_gridville, uniq_pikel
D:7:      lemuel_ice_statue, layout_loops_ring, lemuel_round_altar
D:8:      layout_basic, minitemple, serial_shops, shop, uniq_grum,
          uniq_prince_ribbit1, uniq_maurice
D:9:      layout_roguey, dpeg_oklobed_lair, uniq_erolcha
D:10:     layout_gridville, david_orc_3, basic_altar, bh_hangedman_babel_library
Temple:   jpeg_temple_clearing

Skill      XL: |  1  2  3  4  5  6  7  8  9 10 11 |
---------------+----------------------------------+-----
Hexes          | 5 6 7 8 9 |  9.5
Dodging        | 3 4 5 6 7 9 |  9.3
Stealth        | 5 6 8 9 10 12 14 15 | 15.0
Short Blades   | 2 3 4 5 6 |  6.2
Ice Magic      | 1 2 3 4 |  4.9
Spellcasting   | 3 4 5 6 |  6.6
Fighting       | 1 |  1.8

Action                   |  1- 3 |  4- 6 |  7- 9 | 10-12 || total
-------------------------+-------+-------+-------+-------++-------
Melee: Dagger            |   131 |   110 |   188 |   140 ||   569
       Bite              |    11 |     2 |    14 |    12 ||    39
 Cast: Corona            |     2 |       |       |       ||     2
       Ensorcelled Hiber |    10 |    36 |    58 |    46 ||   150
       Tukima's Dance    |       |       |     7 |     1 ||     8
       Confusing Touch   |       |       |     1 |     1 ||     2
 Abil: Exsanguinate      |     1 |       |       |       ||     1
  Use: Scroll            |     3 |     8 |     7 |     4 ||    22
 Stab: Sleeping          |    13 |    52 |    55 |    61 ||   181
       Distracted        |       |       |     1 |       ||     1
       Confused          |       |       |     1 |       ||     1
Armor: Robe              |     9 |       |       |       ||     9
       Leather armour    |    19 |    13 |    19 |    14 ||    65
Dodge: Dodged            |    87 |    61 |   149 |    89 ||   386

Table legend:
 A = Non-vault XP
 B = Vault XP
 C = Vault XP percentage of total XP
 D = Non-vault monster count
 E = Vault monster count
 F = Vault count percentage of total count
                 A         B        C        D         E       F
            +---------+---------+-------+---------+---------+-------
      Total |    9187 |    4145 |  31.1 |     236 |      31 |  11.6
            +---------+---------+-------+---------+---------+-------
        D:1 |      71 |       0 |   0.0 |      32 |       0 |   0.0
        D:2 |      84 |      37 |  30.6 |      25 |      12 |  32.4
        D:3 |     247 |     109 |  30.6 |      29 |       3 |   9.4
        D:4 |     455 |       1 |   0.2 |      27 |       1 |   3.6
        D:5 |    1000 |     852 |  46.0 |      14 |       3 |  17.6
        D:6 |     183 |       0 |   0.0 |      10 |       0 |   0.0
        D:7 |    1589 |       0 |   0.0 |      27 |       0 |   0.0
        D:8 |    1646 |    1420 |  46.3 |      22 |       7 |  24.1
        D:9 |    2973 |     980 |  24.8 |      32 |       1 |   3.0
       D:10 |     939 |     746 |  44.3 |      18 |       4 |  18.2
            +---------+---------+-------+---------+---------+-------
